 Dungeon Crawl Stone Soup version 0.30-a0-459-g9104f0fc43 (webtiles) character file.

Game seed: 15389872046444485211

38431 littlecub the Jinx (level 13, -13/65 HPs)
             Began as a Spriggan Enchanter on Dec 15, 2022.
             Was a High Priest of Dithmenos.
             Mangled by a very large slime creature (60 damage)
             ... on level 14 of the Dungeon.
             The game lasted 01:17:53 (21163 turns).

littlecub the Jinx (Spriggan Enchanter)            Turns: 21163, Time: 01:17:53

Health: -13/65     AC:  6    Str:  4    XL:     13   Next: 63%
Magic:  19/26      EV: 23    Int: 22    God:    Dithmenos [*****.]
Gold:   589        SH:  5    Dex: 15    Spells: 11/28 levels left

rFire   . . .      SeeInvis +    r - +2 dagger (venom)
rCold   + . .      Faith    .    (no shield)
rNeg    . . .      Spirit   .    O - +1 robe {rC+}
rPois   +          Reflect  +    B - +0 hat
rElec   .          Harm     .    A - +2 cloak {Will+}
rCorr   .          Rampage  .    (gloves unavailable)
Will    +++..                    (boots unavailable)
Stlth   +++++++++.               o - amulet of reflection
HPRegen 0.30/turn                d - ring of wizardry
MPRegen 0.20/turn                l - ring of poison resistance

@: wreathed by umbra, very quick
A: very small, no large weapons, unfitting armour, see invisible, speed 3
a: Renounce Religion, Shadow Step, Shadow Form


You were on level 14 of the Dungeon.
You worshipped Dithmenos.
Dithmenos was extremely pleased with you.
You visited 3 branches of the dungeon, and saw 19 of its levels.
You also visited: Volcano.

You collected 1069 gold pieces.
You spent 480 gold pieces at shops.

Inventory:

Hand Weapons
 a - a +0 dagger of electrocution
 r - a +2 dagger of venom (weapon)
Missiles
 w - a throwing net
Armour
 A - a +2 cloak of willpower (worn)
 B - a +0 hat (worn)
 N - +0 fire dragon scales
 O - a +1 robe of cold resistance (worn)
Jewellery
 d - a ring of wizardry (left hand)
 l - a ring of poison resistance (right hand)
 o - an amulet of reflection (around neck)
 t - a ring of resist corrosion
 y - a +6 ring of dexterity
 H - a ring of wizardry
 I - a ring of ice
 K - a ring of flight
 L - a ring of ice
 R - a +6 ring of dexterity
 S - an amulet of guardian spirit
Wands
 c - a wand of paralysis (18)
 f - a wand of digging (6)
 u - a wand of flame (40)
 F - a wand of acid (19)
 J - a wand of mindburst (5)
 P - a wand of polymorph (4)
Scrolls
 b - 2 scrolls of poison
 j - a scroll of identify
 k - a scroll of vulnerability
 q - 7 scrolls of amnesia
 s - a scroll of magic mapping
 v - a scroll of teleportation
 C - 2 scrolls of silence
 D - a scroll of fear
 G - 3 scrolls of immolation
 Q - a scroll of enchant weapon
Potions
 e - 2 potions of mutation
 g - 5 potions of resistance
 h - 3 potions of magic
 i - 4 potions of brilliance
 m - 4 potions of lignification
 n - 2 potions of ambrosia
 p - 5 potions of might
 x - 3 potions of haste
 z - 2 potions of flight
 E - 2 potions of curing
 M - 2 potions of attraction


   Skills:
 + Level 6.4 Fighting
 + Level 9.2 Short Blades
 + Level 11.0 Dodging
 + Level 13.4 Stealth
 - Level 8.0 Spellcasting
 * Level 14.2 Hexes
 + Level 11.1 Translocations
 - Level 4.0 Ice Magic
 + Level 7.5 Invocations


You had 11 spell levels left.
You knew the following spells:

 Your Spells              Type           Power      Damage    Failure   Level
a - Ensorcelled Hibernat  Hex/Ice        96%        N/A       1%          2
b - Confusing Touch       Hex            64%        N/A       1%          3
c - Tukima's Dance        Hex            64%        N/A       1%          3
e - Dispersal             Tloc           27%        N/A       4%          6
w - Teleport Other        Tloc           55%        N/A       1%          3

Your spell library contained the following spells:

 Spells                   Type           Power      Damage    Failure   Level
 Dazzling Flash           Conj/Hex       80%        N/A       1%          3
 Gell's Gravitas          Tloc           55%        N/A       1%          3
 Lesser Beckoning         Tloc           100%       N/A       1%          3
 Ozocubu's Armour         Ice            26%        N/A       1%          3
 Summon Guardian Golem    Hex/Summ       40%        N/A       1%          3
 Manifold Assault         Tloc           55%        N/A       1%          4
 Passage of Golubria      Tloc           55%        N/A       1%          4
 Sandblast                Erth           16%        2d6       3%          1
 Shock                    Conj/Air       32%        1d5       3%          1
 Summon Small Mammal      Summ           32%        N/A       3%          1
 Cigotuvi's Dreadful Rot  Necr/Pois/Air  16%        N/A       4%          2
 Passwall                 Tmut/Erth      6%         N/A       4%          2
 Yara's Violent Unravell  Hex/Tmut       20%        3d9       4%          5
 Call Canine Familiar     Summ           8%         N/A       9%          3
 Stone Arrow              Conj/Erth      16%        3d8       9%          3
 Swiftness                Air            8%         N/A       9%          3
 Airstrike                Air            4%         2d(1-17)  28%         4
 Animate Armour           Summ/Erth      16%        N/A       28%         4
 Dispel Undead            Necr           8%         3d8       28%         4
 Olgreb's Toxic Radiance  Pois           8%         N/A       28%         4
 Blade Hands              Tmut           4%         N/A       58%         5
 Disjunction              Tloc           27%        N/A       86%         8
 Death Channel            Necr           4%         N/A       98%         6
 Iron Shot                Conj/Erth      4%         9d2       98%         6
 Ozocubu's Refrigeration  Ice            13%        4d10      99%         7
 Ignition                 Fire           4%         3d4       100%        8


Dungeon Overview and Level Annotations

Branches:
Dungeon (14/15)            Temple (1/1) D:6            Lair (4/5) D:11
  Swamp (0/4) Lair:3        Snake (0/4) Lair:3          Orc (0/2) D:12
 Vaults (0/5) D:13        Volcano (visited)
  Slime: Lair:4-5

Altars:
Ashenzari
Cheibriados
Dithmenos
Elyvilon
Fedhas
Gozag
Hepliaklqana
Kikubaaqudgha
Makhleb
Nemelex Xobeh
Okawaru
Qazlal
Ru
Sif Muna
Trog
Uskayaw
Vehumet
Wu Jian
Xom
Yredelemnul
Zin
The Shining One

Shops:
D:13 *

Portals:
Trove: D:13 (give 18 potions of curing)

Annotations:
D:6 Dowan
D:10 Lodul
D:12 1 transporter


Innate Abilities, Weirdness & Mutations

You are very small and have problems with some larger weapons.
You are too small for most types of armour.
You have supernaturally acute eyesight. (SInv)
You cover ground extremely quickly. (Speed+++)


Message History

The slime creature quivers.
A slime creature comes into view.
Two slime creatures merge to form a large slime creature.
Casting: Ensorcelled Hibernation (safe; 1% risk of failure)
Confirm with . or Enter, or press ? or * to list all spells.
Okay, then.
Casting: Ensorcelled Hibernation (safe; 1% risk of failure)
Confirm with . or Enter, or press ? or * to list all spells.
Aiming: Tukima's Dance (safe; 1% risk of failure)
Press: ? - help, Shift-Dir - straight line, f - you
Okay, then.
A slime creature comes into view.
The slime creature quivers.
Two slime creatures merge to form a very large slime creature.
There is an open door here.
Aiming: Ensorcelled Hibernation (safe; 1% risk of failure)
Press: ? - help, Q - select action, (/) - cycle Shift-Dir - straight line, f - very large slime creature
Aim: a very large slime creature (umbra, chance to affect: 53%)
The very large slime creature resists with significant effort.
Aiming: Ensorcelled Hibernation (safe; 1% risk of failure)
Press: ? - help, Q - select action, (/) - cycle Shift-Dir - straight line, f/p - very large slime creature
Aim: a very large slime creature (umbra, chance to affect: 53%)
The very large slime creature resists with significant effort.
Aiming: Ensorcelled Hibernation (safe; 1% risk of failure)
Press: ? - help, Q - select action, (/) - cycle Shift-Dir - straight line, f/p - very large slime creature
Aim: a very large slime creature (umbra, chance to affect: 53%)
The very large slime creature resists with significant effort.
Aiming: Ensorcelled Hibernation (safe; 1% risk of failure)
Press: ? - help, Q - select action, (/) - cycle Shift-Dir - straight line, f/p - very large slime creature
Aim: a very large slime creature (umbra, chance to affect: 53%)
The very large slime creature looks drowsy...
The slime creature quivers.
The helpless very large slime creature fails to defend itself.
You perforate the very large slime creature like a sieve!!!!
The very large slime creature looks as sick as possible!
The very large slime creature is heavily wounded.
The slime creature hits you!!
The very large slime creature hits you!!!
Ouch! That really hurt!
You die...

......##.......##
......'.........+
#####...##.J.).....#
#+#...#+# #...........
####.......#####.......##
.#...........#.#J#...#+#
.##.........##...#####
..'.........+)..JJ.#
..##.......##...@..#
...#.......#.......#
...####'####.......+
...#.......#.......#
..##.......##......#
..+.........'......#
.##.........##...###
.#...........#.#+#
####.......#####


You could see a very large slime creature (extremely poisoned) and 3 slime
creatures.

Vanquished Creatures
  Kirke (D:12)
  Fannar (Lair:3)
  A fire dragon (Volcano)
  3 hydras (Lair:3)
  A vault guard (D:13)
  A centaur warrior (D:14)
  2 two-headed ogres (D:12)
  A death knight (D:14)
  A boulder beetle (D:12)
  A death yak (D:11)
  2 manticores
  2 cyclopes
  2 ugly things
  2 black mambas
  An orange demon (D:9)
  A gargoyle (D:12)
  3 cane toads
  6 komodo dragons
  2 unseen horrors
  A freezing wraith (D:13)
  2 kobold demonologists (D:8)
  A red devil (D:9)
  A tyrant leech (Lair:3)
  7 polar bears
  5 slime creatures (D:13)
  10 dream sheep
  20 blink frogs
  Prince Ribbit (D:7)
  A wyvern (D:9)
  3 shadows (D:12)
  2 wraiths
  16 yaks
  2 centaur simulacra (D:11)
  A vampire (D:11)
  5 hogs
  2 basilisks (Lair:3)
  3 steam dragons
  A neqoxec (D:9)
  10 humans (D:13)
  Menkaure (D:6)
  3 swamp worms (Lair:3)
  3 nagas (Lair:3)
  2 acid dragons
  9 water moccasins
  4 hell hounds (Volcano)
  Duvessa (D:6)
  6 orc warriors
  A swamp drake (D:12)
  6 black bears
  A sky beast (D:7)
  4 ice beasts
  4 ogres
  5 wolves
  3 centaurs (D:8)
  2 phantoms
  4 kobold brigands
  A necrophage (D:4)
  5 bullfrogs
  A scorpion (D:4)
  2 wights (D:8)
  3 killer bees (D:9)
  2 electric eels (D:11)
  A howler monkey (D:9)
  3 hounds
  3 jellies
  2 quasits (D:9)
  8 orc priests
  Crazy Yiuf (D:3)
  3 gnoll boudas
  Terence (D:3)
  Natasha (twice) (D:3)
  5 iguanas
  16 orc wizards
  6 gnolls
  13 adders
  2 shadow imps (D:8)
  3 white imps
  7 ufetubi
  A dart slug (D:1)
  40 orcs
  12 bats
  5 endoplasms
  2 giant cockroaches
  A goblin (D:4)
  6 hobgoblins
  7 jackals
  14 kobolds
  3 quokkas
  10 ball pythons
  5 rats
383 creatures vanquished.

Vanquished Creatures (collateral kills)
  A naga (Lair:3)
  2 ogres (D:10)
  3 wights (D:8)
6 creatures vanquished.

Vanquished Creatures (others)
  4 dancing weapons
  A human (D:13)
  An orc wizard (D:7)
  A demonic plant (D:9)
  7 fungi
  16 plants
30 creatures vanquished.

Grand Total: 419 creatures vanquished

Notes
Turn   | Place    | Note
-------+----------+-------------------------------------------
     0 | D:1      | littlecub the Spriggan Enchanter began the quest for the
                  | Orb.
     0 | D:1      | Reached XP level 1. HP: 9/9 MP: 5/5
   319 | D:1      | Reached XP level 2. HP: 13/13 MP: 6/6
   322 | D:1      | Learned a level 2 spell: Ensorcelled Hibernation
   457 | D:1      | Reached skill level 4 in Hexes
  1060 | D:2      | Reached XP level 3. HP: 16/16 MP: 6/8
  1159 | D:1      | Learned a level 3 spell: Confusing Touch
  1576 | D:3      | Found a hide-covered altar of Uskayaw.
  1936 | D:3      | Reached skill level 5 in Stealth
  1936 | D:3      | Reached XP level 4. HP: 21/21 MP: 9/9
  2061 | D:3      | Noticed Terence
  2065 | D:3      | Killed Terence
  2078 | D:3      | Reached XP level 5. HP: 24/24 MP: 11/11
  2094 | D:3      | Reached skill level 1 in Ice Magic
  2118 | D:3      | Noticed Natasha
  2428 | D:3      | Found a runed translucent door.
  2429 | D:3      | Noticed Crazy Yiuf
  2554 | D:3      | Reached skill level 5 in Hexes
  2665 | D:3      | Noticed a black bear
  2688 | D:3      | Killed a black bear
  2785 | D:3      | Killed Natasha
  2786 | D:3      | Reached XP level 6. HP: 28/28 MP: 7/12
  2971 | D:3      | Noticed Natasha
  3074 | D:4      | Learned a level 3 spell: Tukima's Dance
  3166 | D:4      | Learned a level 3 spell: Teleport Other
  3485 | D:4      | Found a blossoming altar of Fedhas.
  3610 | D:4      | Reached skill level 6 in Hexes
  3610 | D:4      | Reached skill level 1 in Translocations
  3658 | D:4      | Reached XP level 7. HP: 32/32 MP: 11/14
  3946 | D:5      | Entered Level 5 of the Dungeon
  4244 | D:5      | Reached skill level 1 in Fighting
  4643 | D:5      | Found the +2 ratskin cloak {*Rats rPois rN+ Str-1 Int-1
                  | Dex+1}
  5161 | D:6      | Found a staircase to the Ecumenical Temple.
  5170 | Temple   | Entered the Ecumenical Temple
  5269 | Temple   | Became a worshipper of Dithmenos the Shadowed
  5302 | D:6      | Reached XP level 8. HP: 37/37 MP: 9/16
  5520 | D:6      | Reached skill level 5 in Dodging
  5545 | D:6      | Noticed Duvessa
  5545 | D:6      | Noticed Dowan
  5574 | D:6      | Killed Duvessa
  5575 | D:6      | Reached skill level 7 in Hexes
  5828 | D:6      | Reached skill level 5 in Spellcasting
  5916 | D:6      | Reached skill level 1 in Invocations
  6036 | D:6      | Noticed Menkaure
  6049 | D:6      | Killed Menkaure
  6475 | D:3      | Killed Crazy Yiuf
  6561 | D:3      | Killed Natasha
  6932 | D:7      | Noticed Prince Ribbit
  7076 | D:7      | Killed Prince Ribbit
  7083 | D:7      | Reached * piety under Dithmenos
  7133 | D:7      | Found a shimmering blue altar of Sif Muna.
  7695 | D:7      | Reached XP level 9. HP: 42/42 MP: 18/18
  7850 | D:8      | Identified the +1 whip "Spriggan's Doom" {vorpal, rElec
                  | Int-3 Dex+2}
  7914 | D:8      | Reached skill level 8 in Hexes
  8081 | D:8      | Reached skill level 5 in Translocations
  8082 | D:8      | Noticed a kobold demonologist
  8082 | D:8      | Noticed a kobold demonologist
  8343 | D:8      | Noticed a red devil
  8357 | D:8      | Noticed an orange demon
  8842 | D:8      | Killed a kobold demonologist
  8844 | D:8      | Killed a kobold demonologist
  8845 | D:8      | Reached skill level 5 in Short Blades
  8845 | D:8      | Reached skill level 9 in Hexes
  9363 | D:9      | Reached XP level 10. HP: 49/49 MP: 17/20
  9383 | D:9      | Noticed an orange demon
  9416 | D:9      | Killed an orange demon
  9497 | D:9      | Reached ** piety under Dithmenos
  9734 | D:9      | Noticed a sixfirhy
  9747 | D:10     | Entered Level 10 of the Dungeon
 10038 | D:10     | Noticed Lodul
 10349 | D:10     | Found a stormy altar of Qazlal.
 12006 | D:11     | Reached skill level 10 in Hexes
 12335 | D:11     | Reached *** piety under Dithmenos
 12359 | D:11     | Reached skill level 10 in Stealth
 12515 | D:11     | Reached XP level 11. HP: 50/53 MP: 12/22
 12620 | D:11     | Found a staircase to the Lair.
 12848 | D:11     | Noticed a death yak
 13079 | D:11     | Killed a death yak
 13471 | Lair:1   | Entered Level 1 of the Lair of Beasts
 13672 | Lair:1   | Reached skill level 11 in Hexes
 13948 | Lair:1   | Reached skill level 5 in Invocations
 14374 | Lair:1   | Reached **** piety under Dithmenos
 14483 | Lair:1   | Learned a level 6 spell: Dispersal
 14538 | Lair:2   | Found a dark tunnel.
 14546 | Volcano  | Entered a volcano
 14611 | Volcano  | Noticed a fire dragon
 14633 | Volcano  | Killed a fire dragon
 15312 | Lair:2   | Reached XP level 12. HP: 59/59 MP: 22/25
 15692 | Lair:3   | Noticed an eight-headed hydra
 15696 | Lair:3   | Killed an eight-headed hydra
 15705 | Lair:3   | Reached skill level 5 in Fighting
 15808 | Lair:3   | Reached skill level 12 in Hexes
 16391 | Lair:3   | Reached ***** piety under Dithmenos
 16427 | Lair:3   | Noticed Fannar
 16432 | Lair:3   | Found a staircase to the Snake Pit.
 16437 | Lair:3   | Killed Fannar
 17070 | Lair:3   | Noticed a four-headed hydra
 17334 | Lair:3   | Killed a four-headed hydra
 17418 | Lair:3   | Reached skill level 10 in Translocations
 17491 | Lair:3   | Reached skill level 13 in Hexes
 17498 | Lair:3   | Reached skill level 10 in Dodging
 17512 | Lair:3   | Noticed a five-headed hydra
 17515 | Lair:3   | Killed a five-headed hydra
 17536 | Lair:3   | Found a staircase to the Swamp.
 17655 | Lair:4   | Noticed a catoblepas
 17787 | Lair:4   | Reached XP level 13. HP: 55/65 MP: 22/26
 18444 | D:12     | Noticed a deep elf annihilator
 19075 | D:12     | Found a transporter.
 19079 | D:12     | Found a shimmering blue altar of Sif Muna.
 19086 | D:12     | Noticed Kirke
 19105 | D:12     | Noticed a sphinx
 19195 | D:12     | Killed Kirke
 19345 | D:12     | Found a staircase to the Orcish Mines.
 19918 | D:13     | Found Gwnoum's Goods Gallery.
 20124 | D:13     | Bought Great Wizards, Vol. VII for 480 gold pieces
 20308 | D:13     | Found a shimmering altar of Xom.
 20308 | D:13     | Found a shimmering altar of Xom.
 20308 | D:13     | Found a shimmering altar of Xom.
 20308 | D:13     | Found a shimmering altar of Xom.
 20312 | D:13     | Found a shimmering altar of Xom.
 20568 | D:13     | Reached skill level 14 in Hexes
 20899 | D:13     | Found a portal to a secret trove of treasure.
 20988 | D:13     | Found a gate to the Vaults.
 21163 | D:14     | Mangled by a very large slime creature

Illustrated notes

Levels and vault maps discovered:
D:1:      erik_arrival_orb_chamber, layout_basic, grunt_decor_resistance
D:2:      layout_rooms
D:3:      layout_loops_ring, nicolae_uskayaw_suspiria, kennysheep_another_room,
          uniq_natasha, uniq_terence, uniq_crazy_yiuf_cottage
D:4:      layout_basic, general_overflow_altar, minivault_4
D:5:      layout_loops_ring
D:6:      layout_basic, minmay_temple_entry_mini_moons,
          grunt_decor_mini_mirrors, uniq_duvessa, uniq_menkaure
D:7:      layout_layer_cave, led_sif_book, uniq_prince_ribbit1
D:8:      minmay_evil_eye, layout_rooms, grunt_ogre_cave,
          chequers_serial_rivers_micro_d
D:9:      layout_long_grid, serial_demonic, serial_demonic_d, serial_demonic_e,
          serial_demonic_f, serial_demonic_d, serial_demonic_e, serial_demonic_a
D:10:     layout_long_grid, nicolae_qazlal_eye_of_the_storm, item_on_display_b,
          uniq_lodul
D:11:     layout_big_octagon, david_lair_shrubbed, serial_ice, serial_ice_e,
          serial_ice_i, serial_ice_n, serial_ice_o, serial_ice_g, serial_ice_h,
          serial_ice_c
D:12:     gammafunk_sealed_library, layout_irregular_city, erik_orc_1,
          lightli_corner_chamber, uniq_kirke
D:13:     layout_loops_ring, ximxim_vaults_locker_room, enter_trove_3,
          nicolae_alphabet_shops, xom_redecorated
D:14:     layout_roguey, nicolae_cairo_tiling_very_big,
          kennysheep_generic_room_8
Temple:   compressed_dpeg_circular_temple
Lair:1:   beast_lair_carwin_large_2, layout_layer_cave, dreamdust_gnoll_shepherd
Lair:2:   layout_chaotic_city, serial_rivers, chequers_serial_rivers_marsh,
          chequers_serial_rivers_micro_c, chequers_serial_rivers_large_b,
          chequers_serial_rivers_room_b, chequers_serial_rivers_small_a,
          nicolae_volcano_entry_two_sided, cheibrodos_lair_reptile_den
Lair:3:   layout_roguey, palyth_hydra_swamp_entry,
          minmay_snake_entry_guardpost_small, beast_lair_carwin_1, uniq_fannar
Lair:4:   layout_cave_pods, slime_entry_2, gammafunk_ghost_arena,
          serial_bayou_pond_d, grunt_megastairs_2, serial_bayou_shore_a

Skill      XL: |  1  2  3  4  5  6  7  8  9 10 11 12 13 |
---------------+----------------------------------------+-----
Dodging        | 3 4 5 6 7 8 10 11 | 11.0
Hexes          | 4 5 6 7 9 10 11 13 14 | 14.2
Spellcasting   | 3 4 5 6 7 8 |  8.0
Stealth        | 5 6 7 8 10 11 12 13 | 13.4
Short Blades   | 2 3 4 5 6 7 8 9 |  9.2
Ice Magic      | 1 2 3 4 |  4.0
Translocations | 1 3 4 5 7 8 10 11 | 11.1
Fighting       | 1 2 3 4 5 6 |  6.4
Invocations    | 2 3 4 5 6 7 |  7.5

Action                   |  1- 3 |  4- 6 |  7- 9 | 10-12 | 13-15 || total
-------------------------+-------+-------+-------+-------+-------++-------
Melee: Dagger            |    54 |    75 |   209 |   359 |   114 ||   811
       Punch             |     1 |     1 |     1 |     6 |     1 ||    10
 Cast: Ensorcelled Hiber |    15 |    16 |    67 |   186 |    74 ||   358
       Confusing Touch   |     2 |     6 |    22 |    30 |     8 ||    68
       Teleport Other    |       |       |     5 |     7 |       ||    12
       Tukima's Dance    |       |       |    15 |    12 |     2 ||    29
Invok: Shadow Step       |       |       |       |     4 |       ||     4
Evoke: Wand              |       |       |       |    12 |       ||    12
  Use: Scroll            |     2 |     7 |     8 |     8 |     3 ||    28
       Potion            |       |       |     4 |     3 |     2 ||     9
 Stab: Sleeping          |    28 |    20 |    57 |   138 |    64 ||   307
       Confused          |     2 |     2 |    14 |    27 |     5 ||    50
       Distracted        |       |       |     1 |       |       ||     1
       Invisible         |       |       |       |     1 |       ||     1
Armor: Robe              |     4 |     8 |    10 |    43 |     9 ||    74
Dodge: Dodged            |    20 |    40 |   103 |   294 |    45 ||   502
Block: Other             |       |    11 |    37 |    79 |    13 ||   140
       Reflection        |       |       |     2 |     1 |     2 ||     5

Table legend: (Time is in decaauts)
 A = Elapsed time spent in this place.
 B = Non-inter-level travel time spent in this place.
 C = Inter-level travel time spent in this place.
 D = Time resting spent in this place.
 E = Time spent auto-exploring this place.
 F = Levels seen in this place.
 G = Mean time per level.
                   A        B        C        D        E       F      G
               +--------+--------+--------+--------+--------+-----+--------+
         Total |  15944 |  15201 |    743 |   2052 |  10049 |  20 |  797.2 |
       Dungeon |  11980 |  11360 |    620 |   1497 |   7467 |  14 |  855.7 |
        Temple |     66 |     61 |      5 |      0 |     50 |   1 |   66.0 |
          Lair |   3666 |   3549 |    117 |    555 |   2396 |   4 |  916.5 |
       Volcano |    231 |    231 |      0 |      0 |    135 |   1 |  231.0 |
               +--------+--------+--------+--------+--------+-----+--------+

Top non-repeatable levels by time:
  Lair:3: 1775 daAuts
    D:11: 1336 daAuts
    D:10: 1231 daAuts
     D:3: 978 daAuts
     D:7: 956 daAuts
     D:6: 954 daAuts
     D:8: 952 daAuts
    D:12: 951 daAuts
  Lair:2: 895 daAuts
    D:13: 879 daAuts
     D:5: 843 daAuts
     D:9: 808 daAuts
  Lair:1: 761 daAuts
     D:1: 730 daAuts
     D:4: 710 daAuts
